 Dungeon Crawl Stone Soup version 0.31.0-32-g396128a36d (webtiles) character file.

Game seed: 328721539886570986

174 mainiacjoe the Sneak (level 5, -4/31 HPs)
             Began as an Octopode Earth Elementalist on Mar 24, 2024.
             Slain by a kobold brigand
             ... wielding a +0 short sword
              (7 damage)
             ... in a sewer.
             The game lasted 00:10:59 (3008 turns).

mainiacjoe the Sneak (Octopode Earth Elementalist)  Turns: 3008, Time: 00:11:00

Health: -4/31      AC:  1    Str:  7      XL:     5   Next: 54%
Magic:  8/8        EV: 13    Int: 17      God:
Gold:   81         SH:  0    Dex: 12 (15) Spells: 1/8 levels left

rFire   . . .        a - +0 dagger
rCold   . . .        (no shield)
rNeg    . . .        (helmet restricted)
rPois   .            (no amulet)
rElec   .            c - ring of wizardry
rCorr   .            (no ring)
SInv    .            (no ring)
Will    .....        (no ring)
Stlth   +++++        (no ring)
HPRegen 0.25/turn    (no ring)
MPRegen 0.11/turn    (no ring)
                     (no ring)

%: wizardry (x1)
@: very slightly contaminated, slowed, very slow
A: almost no armour, amphibious, 8 rings, camouflage 1, gelatinous body 1,
nimble swimmer 1, tentacles
a: no special abilities


You were in a sewer.
You visited 1 branch of the dungeon, and saw 3 of its levels.
You also visited: Sewer.

You collected 81 gold pieces.

Inventory:

Hand Weapons
 a - a +0 dagger (weapon)
 b - a +0 short sword
 l - a +0 long sword
Missiles
 h - 3 javelins
 i - 31 stones
 k - a poisoned dart
Jewellery
 c - a ring of wizardry (left tentacle)
Potions
 g - a potion of degeneration


   Skills:
 + Level 2.3 Short Blades
 - Level 2.0 Dodging
 + Level 4.7 Stealth
 - Level 2.0 Spellcasting
 + Level 2.5 Conjurations
 + Level 3.9 Earth Magic


You had one spell level left.
You knew the following spells:

 Your Spells              Type           Power      Damage    Failure   Level
a - Sandblast             Erth           30%        2d9       1%          1
b - Stone Arrow           Conj/Erth      24%        3d8       6%          3
z - Passwall              Erth           15%        N/A       4%          3

Your spell library contained the following spells:

 Spells                   Type           Power      Damage    Failure   Level
 Brom's Barrelling Bould  Conj/Erth      12%        2d4       21%         4
 Petrify                  Alch/Erth      8%         N/A       32%         4


Dungeon Overview and Level Annotations

Branches:
Dungeon (3/15)              Sewer (1/1)

Altars:

Shops:
D:1 (

Annotations:
Sewer Grinder


Innate Abilities, Weirdness & Mutations

You cannot wear most types of armour.
You are amphibious.
You can wear up to eight rings at the same time.
Your skin changes colour to match your surroundings (Stealth+).
Your rubbery body absorbs attacks. (AC +1, EV +1)
You are camouflaged when in or above water. (Stealth+)
You have tentacles for arms and can constrict up to eight enemies at once.


Message History

You constrict the shadow imp, but do no damage.
The shadow imp puffs mist at you.
The shadow imp hits you but does no damage.
You hit the shadow imp. You squeeze the shadow imp.
The shadow imp is severely wounded.
You constrict the shadow imp. The shadow imp hits you. x2
* * * LOW HITPOINT WARNING * * *
You barely miss the shadow imp.
The shadow imp is almost dead.
You constrict the shadow imp. The shadow imp hits you.
* * * LOW HITPOINT WARNING * * *
You hit the shadow imp but do no damage.
The shadow imp is almost dead.
You constrict the shadow imp.
You kill the shadow imp!
Grinder blinks!
You feel your dexterity returning.
You closely miss the kobold brigand. You grab the kobold brigand.
You squeeze the kobold brigand.
The kobold brigand is heavily wounded.
You constrict the kobold brigand, but do no damage.
Casting: Stone Arrow (dangerous; 6% risk of failure)
Confirm with . or Enter, or press ? or * to list all spells.
Aiming: Stone Arrow (dangerous; 6% risk of failure)
Press: ? - help, Shift-Dir - straight line, f/p - kobold brigand
Aim: a kobold brigand, wielding a +0 short sword and quivering curare-tipped darts (heavily wounded, constricted by you, 100% to hit)
You miscast Stone Arrow.
You are very lightly contaminated with residual magic.
Nothing appears to happen.
You constrict the kobold brigand, but do no damage.
The kobold brigand struggles to escape constriction.
The kobold brigand hits you with a +0 short sword.
* * * LOW HITPOINT WARNING * * *
Casting: Stone Arrow (dangerous; 6% risk of failure)
Confirm with . or Enter, or press ? or * to list all spells.
You don't have enough magic to cast this spell.
Unknown command.
Magic courses through your body.
You constrict the kobold brigand.
The kobold brigand hits you with a +0 short sword!
You die...

≈≈≈≈≈≈≈≈≈≈≈~.#.~~# ...~#
≈≈≈≈≈≈≈≈≈≈~..#.~)# #''(##
≈≈≈≈≈≈)~≈~...#.~~# .....##
~##~##†###.####.###.K§K..#
......)....≈≈#...#.5...§.'
..........≈≈≈≈...5.§.K(..'
...........≈≈#.K.#...K.§.'
#~#~~###~#.####K###..§..(#
~≈~≈≈≈≈≈~~...#.~@# .5...##
≈≈≈≈≈≈≈≈~≈~..#..≈# #'''##
≈≈≈≈≈≈≈≈≈~~~.#.~≈# ...~#
≈≈≈≈≈≈≈≈≈≈≈~.#.~≈# ...≈#
≈≈≈≈≈≈≈≈≈≈≈~)#.~~# ...≈#
≈≈≈≈≈≈≈≈≈≈)~.'.)≈#
###############)##
≈≈≈≈≈≈≈≈≈.~~~~..≈#
~≈≈≈≈≈≈≈≈~~~.~~~≈#


You could see 2 kobold brigands.

Vanquished Creatures
  A quasit (Sewer)
  4 adders (D:2)
  3 shadow imps (Sewer)
  An ufetubus (Sewer)
  An adder zombie (Sewer)
  A dart slug (D:1)
  3 ribbon worms (D:2)
  9 ball pythons
  3 bats
  3 giant cockroaches
  4 goblins
  2 hobgoblins
  2 jackals (D:1)
  7 quokkas
  10 frilled lizards
  A giant cockroach zombie (Sewer)
  12 kobolds
  2 rats (D:2)
69 creatures vanquished.

Vanquished Creatures (others)
  A kobold zombie (Sewer)
1 creature vanquished.

Grand Total: 70 creatures vanquished

Notes
Turn   | Place    | Note
-------+----------+-------------------------------------------
     0 | D:1      | mainiacjoe the Octopode Earth Elementalist began the quest
                  | for the Orb.
     0 | D:1      | Reached XP level 1. HP: 11/11 MP: 3/3
   153 | D:1      | Reached skill level 3 in Stealth
   191 | D:1      | Reached XP level 2. HP: 17/17 MP: 1/5
   405 | D:1      | Found Dal Kedd's Antique Weapon Boutique.
   573 | D:1      | Reached XP level 3. HP: 19/21 MP: 0/6
   574 | D:1      | Reached skill level 1 in Short Blades
   583 | D:1      | Learned a level 3 spell: Passwall
  1188 | D:2      | Reached XP level 4. HP: 27/27 MP: 3/7
  1228 | D:2      | Learned a level 3 spell: Stone Arrow
  1348 | D:2      | Reached skill level 4 in Stealth
  2214 | D:3      | Found a glowing drain.
  2310 | Sewer    | Entered a sewer
  2441 | Sewer    | Reached XP level 5. HP: 31/31 MP: 2/8
  2543 | Sewer    | Found a burning altar of Makhleb.
  2543 | Sewer    | Noticed a kobold brigand
  2994 | Sewer    | Noticed Grinder
  2996 | Sewer    | Noticed a kobold brigand
  3008 | Sewer    | Slain by a kobold brigand

Illustrated notes

Levels and vault maps discovered:
D:1:      lightli_arrival_lavapool, layout_loops_ring, serial_shops,
          nicolae_shop_tiny_statue_garden, minmay_lizard_king
D:2:      layout_loops_cross
D:3:      layout_basic, cheibrodos_sewer_entry_drain
Sewer:    kennysheep_sewer_church

Skill      XL: |  1  2  3  4 |
---------------+-------------+-----
Stealth        | 3 4 |  4.7
Short Blades   | 1 2 |  2.3
Conjurations   | 2 |  2.5
Dodging        | |  2.0
Spellcasting   | |  2.0
Earth Magic    | |  3.9

Action                     |  1- 3 |  4- 6 || total
---------------------------+-------+-------++-------
  Melee: Dagger            |    25 |    30 ||    55
         Constrict         |     6 |     8 ||    14
         Tentacles         |     2 |     4 ||     6
  Throw: Javelin           |       |     2 ||     2
         Dart              |       |     1 ||     1
   Cast: Sandblast         |    32 |    38 ||    70
         Passwall          |     5 |     8 ||    13
         Stone Arrow       |       |     8 ||     8
    Use: Scroll            |     3 |     3 ||     6
         Potion            |       |     6 ||     6
   Stab: Sleeping          |     9 |     6 ||    15
 Armour: Skin              |    12 |    40 ||    52
  Dodge: Dodged            |    19 |    54 ||    73
